Map: Overgrowth LE (Void)

Players

JackieChan - Winner!

  • Race: Terran Terran
  • League: Diamond
  • Spawn Location: 1:00

Trizztein

  • Race: Terran Terran
  • League: Diamond
  • Spawn Location: 7:00

VOD

Have the link to the VOD?

Description

Time

  • Played on: Dec. 22, 2016, 7:51 p.m.
  • Length: 17:50
Show
View Real Time Build Order
Export as new Build Order

JackieChan Terran - Winner!

Build Orders: Command Center First (CC), Bio Tank 

Get SALT Encoding   

  12  0:00  SCV  
  13  0:12  SCV  
  14  0:17  Supply Depot  
  14  0:24  SCV  
  15  0:38  SCV  
  16  0:56  Command Center  
  16  0:59  SCV  
  17  1:09  Barracks  
  17  1:13  SCV  
  18  1:21  Supply Depot  
  19  1:31  Barracks  
  18  1:36  SCV  
  19  1:42  Refinery  
  19  1:47  Refinery  
  19  1:52  SCV  
  20  2:01  Marine  
  20  2:07  Orbital Command  
  21  2:11  SCV  
  22  2:18  Marine  
  22  2:19  Marine  
  24  2:32  Orbital Command  
  24  2:36  Marine  
  25  2:40  Marine  
  26  2:53  Factory  
  26  2:54  Barracks Tech Lab  
  26  3:07  Orbital Command  
  26  3:10  Marine  
  27  3:15  Marine, Stimpack  
  28  3:28  SCV  
  28  3:33  Bunker, SCV  
  30  3:36  Barracks Reactor, Factory Tech Lab, Marine  
  30  3:40  SCV  
  32  3:43  Starport  
  32  3:45  SCV  
  33  3:52  SCV  
  34  3:57  SCV  
  34  3:58  Marine  
  36  4:04  SCV  
  36  4:05  Siege Tank  
  36  4:08  Supply Depot  
  36  4:09  SCV  
  41  4:12  Refinery  
  41  4:15  Refinery  
  41  4:16  SCV  
  42  4:21  SCV  
  43  4:26  Medivac  
  43  4:28  SCV  
  43  4:30  Marine x2  
  43  4:31  Marine  
  49  4:33  SCV  
  49  4:37  Supply Depot  
  50  4:40  SCV  
  51  4:45  SCV  
  51  4:52  SCV, Supply Depot  
  52  4:57  Starport Reactor  
  52  4:58  Siege Tank  
  56  5:02  Engineering Bay  
  56  5:12  SCV  
  56  5:13  SCV  
  58  5:20  Barracks  
  58  5:25  Marine, SCV x2  
  58  5:26  Marine x2  
  63  5:39  Medivac  
  63  5:40  Medivac  
  67  5:43  Marine x2, SCV x2  
  67  5:47  Terran Infantry Weapons Level 1  
  71  5:59  Marine  
  71  6:00  Combat Shields  
  71  6:01  Marine x2  
  74  6:06  Siege Tank  
  77  6:11  Supply Depot  
  71  6:30  Marine x3  
  71  6:31  Barracks Reactor  
  65  6:39  Siege Tank  
  68  6:42  Sensor Tower  
  68  6:46  Command Center  
  68  6:51  Marine x3  
  71  6:59  Medivac  
  73  7:05  SCV x2  
  75  7:09  Marine x2  
  75  7:10  Marine x3  
  80  7:26  Marine  
  80  7:27  Marine x2  
  80  7:28  Marine x2  
  74  7:39  Siege Tank  
  74  7:42  Engineering Bay  
  75  7:44  Marine x2, Armory  
  75  7:45  Marine x3  
  75  7:51  Medivac  
  82  7:57  Orbital Command  
  82  8:02  Marine x2  
  82  8:03  Marine x3  
  82  8:05  Factory  
  87  8:08  Missile Turret  
  87  8:17  Siege Tank  
  90  8:20  Marine  
  90  8:24  Sensor Tower  
  91  8:37  Marine x3  
  91  8:38  Terran Infantry Weapons Level 2  
  91  8:39  Terran Infantry Armor Level 1  
  91  8:40  Terran Vehicle Weapons Level 1  
  94  8:41  Medivac  
  94  8:45  Orbital Command  
  95  8:52  Factory Tech Lab  
  95  8:54  Barracks Reactor  
  95  9:10  SCV  
  95  9:11  SCV x2  
  95  9:15  Marine x2  
  95  9:16  Marine  
  101  9:21  Barracks  
  101  9:27  SCV  
  101  9:28  SCV  
  101  9:30  SCV  
  101  9:36  Siege Tank  
  100  9:42  Marine x2  
  100  9:43  Marine  
  101  9:53  Marine  
  101  9:56  Marine  
  89  10:04  SCV x3  
  89  10:05  Marine x3  
  89  10:06  Siege Tank  
  85  10:08  Siege Tank  
  88  10:16  SCV x2, Barracks Tech Lab  
  88  10:18  SCV  
  88  10:20  Refinery x2  
  91  10:25  Starport, Medivac x2  
  91  10:26  Marine  
  96  10:28  SCV x2  
  96  10:30  SCV  
  96  10:34  Sensor Tower  
  99  10:39  Terran Infantry Armor Level 2  
  99  10:40  SCV  
  99  10:41  SCV  
  101  10:44  Barracks Reactor  
  101  10:51  Bunker  
  101  11:03  SCV  
  101  11:09  SCV  
  101  11:30  Marine  
  101  11:32  Marine  
  101  11:37  Terran Vehicle Weapons Level 2  
  101  11:39  Siege Tank, Marine x3  
  107  11:40  Orbital Command, Starport Reactor  
  107  11:52  Marine x2  
  109  12:20  Siege Tank  
  109  12:38  Supply Depot  
  109  12:39  Supply Depot  
  109  12:45  Marine  
  109  12:48  Marine x2  
  109  12:50  Siege Tank  
  109  13:00  Siege Tank, Marine x3, Viking  
  109  13:04  Command Center  
  117  13:23  Siege Tank  
  117  13:40  Marine x2  
  117  13:42  Marine  
  117  13:44  Siege Tank  
  117  13:47  Refinery x2  
  117  13:54  Marine x2  
  117  13:56  Marine x2  
  117  13:57  Marine x3  
  116  14:04  Marine  
  117  14:10  Viking  
  117  14:11  Viking  
  117  14:12  Marine  
  117  14:15  Marine x3  
  109  14:56  Marine  
  109  14:57  Marine x7  
  109  14:58  Siege Tank x2, Orbital Command  
  123  15:14  Marine  
  123  15:19  Marine x2  
  123  15:20  Marine x5  
  130  16:11  Refinery  
  130  16:17  Marine  
  130  16:18  Marine  
  132  16:19  Orbital Command  
  132  16:22  Supply Depot x2  
  132  16:23  Supply Depot  
  132  16:24  Supply Depot x2  
  132  16:25  Factory  
  132  16:43  Siege Tank, Marine x2  
  132  16:45  SCV x4  
  141  16:50  Medivac x4  
  149  16:57  SCV x3  
  152  17:04  Refinery  
  152  17:09  Missile Turret x2  
  152  17:10  Missile Turret  
  152  17:18  Refinery, Missile Turret  
  161  17:23  Marine  
  161  17:24  Marine x7  
  171  17:30  Supply Depot  
Show
View Real Time Build Order
Export as new Build Order

Trizztein Terran 

Build Orders: Mech 

Get SALT Encoding   

  12  0:00  SCV  
  13  0:13  SCV  
  14  0:18  Supply Depot  
  14  0:25  SCV  
  15  0:40  SCV  
  16  0:43  Barracks  
  16  0:46  Refinery  
  16  0:52  SCV  
  17  1:04  SCV  
  18  1:16  SCV  
  19  1:29  Orbital Command  
  19  1:30  Reaper  
  20  1:51  Supply Depot  
  20  1:57  SCV  
  21  2:04  Barracks Reactor  
  21  2:07  Reaper  
  22  2:09  SCV  
  23  2:21  SCV  
  24  2:22  Command Center  
  24  2:31  Factory  
  24  2:36  Bunker  
  24  2:38  SCV  
  25  2:49  Refinery, Barracks Reactor  
  25  2:50  SCV  
  26  3:01  Supply Depot  
  26  3:02  SCV  
  24  3:14  SCV  
  25  3:24  Starport  
  25  3:27  SCV  
  26  3:28  Marine x2  
  26  3:30  Factory Tech Lab  
  28  3:36  Orbital Command  
  28  3:39  SCV  
  29  3:48  Marine x2  
  29  3:51  SCV  
  29  3:55  Siege Tank  
  35  3:57  Refinery  
  35  4:02  SCV  
  36  4:03  Starport Tech Lab, SCV  
  36  4:09  Marine x2  
  39  4:14  SCV  
  39  4:15  SCV  
  39  4:16  Supply Depot  
  41  4:26  SCV  
  41  4:27  Siege Tank, SCV  
  41  4:31  Command Center  
  46  4:38  SCV  
  46  4:39  SCV  
  46  4:42  Marine x2  
  50  4:48  Raven  
  50  4:50  SCV  
  50  4:51  SCV  
  54  4:56  Supply Depot  
  54  4:59  Refinery  
  54  5:00  Marine x2  
  54  5:02  SCV  
  54  5:03  Siege Tank  
  54  5:06  SCV  
  61  5:14  SCV  
  61  5:18  SCV  
  61  5:20  Supply Depot  
  63  5:27  SCV  
  64  5:30  Factory  
  64  5:31  SCV  
  64  5:36  Siege Tank  
  64  5:39  SCV  
  68  5:43  SCV  
  68  5:44  Medivac  
  68  5:46  Orbital Command  
  68  5:49  Medivac  
  73  5:51  SCV  
  73  5:53  Marine  
  73  5:55  SCV  
  76  6:03  SCV  
  76  6:11  Marine  
  77  6:14  Medivac  
  79  6:24  SCV x2  
  73  6:28  Marine  
  68  6:36  SCV  
  68  6:37  SCV  
  68  6:38  Orbital Command  
  69  6:42  Viking  
  69  6:43  Siege Tank  
  69  6:44  Viking  
  69  6:46  Marine  
  77  6:48  Refinery  
  77  6:49  SCV x2  
  79  7:01  SCV x2  
  81  7:13  SCV  
  79  7:26  Siege Tank  
  71  7:36  Marine  
  68  7:50  SCV  
  68  7:51  SCV  
  69  7:52  SCV  
  69  7:54  Marine  
  69  7:58  Siege Tank x2  
  77  7:59  Factory  
  77  8:00  Viking  
  77  8:03  SCV  
  77  8:04  SCV x2  
  82  8:11  Marine, Engineering Bay  
  83  8:15  SCV  
  83  8:16  SCV x2  
  83  8:17  Refinery  
  83  8:18  Refinery  
  87  8:27  SCV  
  87  8:28  SCV x2  
  87  8:30  Siege Tank  
  87  8:32  Barracks Reactor  
  92  8:39  SCV  
  93  8:51  Factory Reactor  
  93  8:55  Supply Depot, SCV  
  93  8:56  Supply Depot x2  
  93  9:17  Siege Tank x2, SCV x3  
  100  9:28  Hellion x2  
  100  9:29  SCV x3  
  107  9:38  Missile Turret  
  107  9:41  SCV  
  107  9:44  Marine x2  
  107  9:49  Siege Tank, Hellion x2  
  95  10:02  Marine x2  
  95  10:06  SCV x2  
  100  10:07  SCV  
  100  10:10  Hellion x2  
  104  10:17  Factory  
  104  10:18  SCV  
  104  10:19  Factory  
  104  10:20  Factory  
  104  10:21  Missile Turret  
  105  10:22  Hellion, Missile Turret  
  105  10:27  Missile Turret x2  
  107  10:32  Infernal Pre-Igniter  
  107  10:34  Hellion x2  
  111  10:35  Supply Depot  
  111  10:37  Supply Depot  
  111  10:38  Supply Depot  
  111  10:39  SCV x3  
  111  10:40  Supply Depot  
  114  10:46  Siege Tank  
  117  10:57  Viking x2, Hellion, SCV x2  
  117  10:58  SCV  
  126  11:06  Hellion x4  
  126  11:08  Refinery  
  126  11:09  SCV x2  
  126  11:10  SCV  
  137  11:12  Supply Depot  
  138  11:18  Hellion, Missile Turret  
  138  11:19  Hellion  
  138  11:21  SCV x2  
  142  11:27  Viking x2  
  146  11:36  Hellion  
  146  11:39  Missile Turret  
  152  11:40  Siege Tank  
  152  11:41  Hellion  
  157  11:52  Factory Reactor  
  157  11:53  Factory Tech Lab  
  153  11:55  Missile Turret  
  153  11:57  Viking x2, Armory  
  153  11:59  Armory  
  152  12:08  Siege Tank  
  152  12:09  Hellion  
  157  12:36  Hellion  
  156  12:37  Hellion  
  156  12:46  Command Center  
  153  13:16  Orbital Command  
  134  14:05  Viking  
  134  14:06  Hellion x2  
  134  14:07  Hellion  
  134  14:08  Siege Tank  
  134  14:09  Viking, Hellion x2  
  133  14:10  Siege Tank  
  105  14:27  Siege Tank, Hellion  
  105  14:28  Hellion  
  105  14:30  Hellion x2  
  92  14:40  Hellion  
  92  14:42  Siege Tank  
  88  14:49  Hellion  
  88  14:50  Hellion  
  88  14:51  Hellion  
  88  14:52  Hellion  
  80  14:59  Hellion  
  78  15:01  Hellion  
  78  15:07  Factory  
  72  15:09  Refinery, Factory  
  72  15:11  Factory, Engineering Bay  
  72  15:13  Barracks  
  54  16:01  Factory Tech Lab  
  54  16:02  Factory Tech Lab x2  
  54  16:11  Supply Depot  
  54  16:13  Supply Depot  
  54  16:19  Supply Depot  
  54  16:21  Supply Depot  
  54  16:22  Siege Tank  
  54  16:23  Siege Tank  
  60  16:37  Supply Depot  
  60  16:58  Supply Depot  
  60  16:59  SCV  
  61  17:11  SCV  
  68  17:24  Hellion  
Tags
 
Add a new tag
Caveats
  • Supply blocks, unpowered buildings, or Contaminate may cause inaccurate times.
  • Supply counts are checked every 10 seconds.